BOSTON Bruins vs ANAHEIM Ducks

Created - 18 février 2024 at 08:14

Goals
1 2 3 T
BOSTON Bruins 0 1 1 2
ANAHEIM Ducks 2 3 0 5
Shots
1 2 3 T
BOSTON Bruins 6 12 16 34
ANAHEIM Ducks 17 7 6 30

1st period

1. ANAHEIM Ducks , MacKenzie Weegar 1 (Brayden Point 1, Seth Jones 4) at 13:54 (PP)
2. ANAHEIM Ducks , Brayden Point 1 (Jeff Carter 2, Nick Paul 1) at 15:02

Penalties :
Nick Paul (ANA) for Hooking (Minor) at 2:48, Matt Dumba (BOS) for Hooking (Minor) at 2:48, Jaycob Megna (BOS) for Hooking (Minor) at 7:50, MacKenzie Weegar (ANA) for Tripping (Minor) at 11:10, Tomas Hertl (BOS) for Tripping (Minor) at 11:10, Jaycob Megna (BOS) for Interference (Minor) at 13:39, Brad Hunt (BOS) for Cross-checking (Minor) at 16:43

2nd period

3. BOSTON Bruins , Brad Marchand 2 (Adrian Kempe 3) at 8:10
4. ANAHEIM Ducks , Nathan MacKinnon 2 (Chandler Stephenson 4, Mark Giordano 1) at 8:28
5. ANAHEIM Ducks , Nic Dowd 1 (Derick Brassard 1, Ryan Lindgren 1) at 15:44
6. ANAHEIM Ducks , Jeff Carter 1 (Nick Paul 2, Brayden Point 2) at 18:08

Penalties :
MacKenzie Weegar (ANA) for Holding (Minor) at 1:21, Jeff Carter (ANA) for Hooking (Minor) at 4:56

3rd period

7. BOSTON Bruins , Brad Marchand 3 (Kirill Kaprizov 5, Bo Horvat 5) at 4:55 (PP)

Penalties :
MacKenzie Weegar (ANA) for High sticking (Minor) at 3:09, Jeff Carter (ANA) for Interference (Minor) at 15:29

Goalie Stats

Casey DeSmith (BOS), 7 saves from 7 shots - (1,000), 21:52 minutes
Tristan Jarry (BOS), 18 saves from 23 shots - (0,783), L, 3-2-0, 38:08 minutes
Philipp Grubauer (ANA), 32 saves from 34 shots - (0,941), W, 2-3-0, 60:00 minutes

Players Stats for BOSTON Bruins

Player Name              G  A  P  +/- PIM S  H  SB GA TA FO     MP     PP MP  PK MP  
------------------------------------------------------------------------------------
Adam Lowry               0  0  0  -1  0   1  1  0  0  0  7/20   10:56   0:00   3:19 
Adrian Kempe             0  1  1   0  0   4  0  0  0  0  0/0    19:38   4:18   0:00 
Andrew Peeke             0  0  0  -3  0   0  3  2  0  0  0/0    21:08   1:41   2:16 
Blake Wheeler            0  0  0  -1  0   0  0  0  0  0  0/0     9:06   0:00   0:00 
Bo Horvat                0  1  1   0  0   3  0  0  0  0  17/27  19:38   4:18   0:00 
Brad Hunt                0  0  0   0  2   0  1  0  0  0  0/0    11:57   0:00   0:00 
Brad Marchand            2  0  2   0  0   7  2  0  0  0  0/0    23:18   4:18   3:40 
Frank Vatrano            0  0  0  -1  0   4  6  0  0  0  0/0    17:27   3:25   0:00 
Jaycob Megna             0  0  0   0  4   0  0  1  0  0  0/0    13:01   0:00   0:00 
Joel Eriksson Ek         0  0  0  -1  0   2  1  0  0  0  10/15  19:59   3:25   0:33 
Kirill Kaprizov          0  1  1  -1  0   3  0  1  0  0  0/1    18:10   4:08   0:00 
Matt Dumba               0  0  0  -3  2   0  1  0  0  0  0/0    21:18   3:35   1:38 
Michael Pezzetta         0  0  0  -1  0   0  2  0  0  0  0/0     7:37   0:00   0:00 
Nathan Walker            0  0  0  -1  0   0  0  0  0  0  1/2     9:23   0:00   0:17 
Phil Kessel              0  0  0  -1  0   2  0  0  0  0  0/1     7:37   0:00   0:00 
Shea Theodore            0  0  0   0  0   3  0  1  0  0  0/0    23:25   2:38   1:52 
Tomas Hertl              0  0  0  -1  2   2  0  0  0  0  7/18   13:07   3:25   0:37 
Victor Hedman            0  0  0   0  0   3  3  2  0  0  0/0    24:59   3:24   2:40 

Players Stats for ANAHEIM Ducks

Player Name              G  A  P  +/- PIM S  H  SB GA TA FO     MP     PP MP  PK MP  
------------------------------------------------------------------------------------
Brayden Point            1  2  3   1  0   5  2  0  0  0  0/0    20:21   2:02   0:00 
Brett Pesce              0  0  0   0  0   0  3  2  0  0  0/0    24:03   2:11   2:55 
Chandler Stephenson      0  1  1   1  0   5  0  0  0  0  2/6    18:36   2:11   1:44 
David Kampf              0  0  0   0  0   2  0  1  0  0  7/11   15:03   0:00   5:46 
Derick Brassard          0  1  1   1  0   1  1  1  0  0  0/0     5:29   0:00   0:00 
Elias Lindholm           0  0  0   1  0   2  0  0  0  0  18/41  23:00   2:02   5:59 
Jeff Carter              1  1  2   1  4   2  0  0  0  0  10/14  18:51   2:11   0:13 
Joel Farabee             0  0  0   0  0   0  0  0  0  0  0/1     9:17   0:00   0:00 
Justin Holl              0  0  0   1  0   0  5  1  0  0  0/0    17:21   0:00   4:40 
MacKenzie Weegar         1  0  1   0  6   6  3  1  0  0  0/0    21:43   2:06   1:05 
Mark Giordano            0  1  1   2  0   0  4  1  0  0  0/0    19:54   2:07   0:18 
Nathan MacKinnon         1  0  1   1  0   2  6  0  0  0  0/2    17:01   2:02   0:00 
Nic Dowd                 1  0  1   1  0   1  0  0  0  0  4/8     7:13   0:00   1:44 
Nick Paul                0  2  2   1  2   3  2  0  0  0  1/1    18:39   2:11   0:00 
Patrick Maroon           0  0  0   1  0   0  1  0  0  0  0/0     5:29   0:00   0:00 
Ryan Lindgren            0  1  1   1  0   0  1  3  0  0  0/0    15:19   0:00   3:41 
Seth Jones               0  1  1   2  0   0  2  1  0  0  0/0    21:37   2:02   2:47 
Warren Foegele           0  0  0   0  0   1  1  0  0  0  0/0     9:17   0:00   0:00 

3 Stars

1 - Brayden Point (ANA)
2 - Nathan MacKinnon (ANA)
3 - Brad Marchand (BOS)

Power Play

BOSTON Bruins - 1 on 4 Attempt(s) - 25,00%
ANAHEIM Ducks - 1 on 3 Attempt(s) - 33,33%

Penalty Kill

BOSTON Bruins - 2 on 3 Attempt(s) - 66,67% - Score 0 goal in Penalty Kill
ANAHEIM Ducks - 3 on 4 Attempt(s) - 75,00% - Score 0 goal in Penalty Kill

Team Stat

BOSTON Bruins - Hits : 20 - Faceoff Wins : 42 - Blocked Shots : 7 - Penalty Minutes : 10
ANAHEIM Ducks - Hits : 31 - Faceoff Wins : 42 - Blocked Shots : 11 - Penalty Minutes : 12

Official

Referees : Wes McCauley and Tom Chmielewski
Linesman : Kyle Flemington and Julien Fournier

Game Notes

Casey DeSmith enters game at 18:08 of 2nd period

Finance

Level 1 -- Attendance: 4749 (79,15%) -- Ticket Income $474,900
Level 2 -- Attendance: 4481 (89,62%) -- Ticket Income $268,860
Level 3 -- Attendance: 2000 (100,00%) -- Ticket Income $70,000
Level 4 -- Attendance: 4000 (100,00%) -- Ticket Income $80,000
Luxury Box -- Attendance: 794 (79,40%) -- Ticket Income $158,800
Game was played at the Honda Center.
Total Attendance: 16024 (89,02%)
Total Ticket Income: $1,052,560
Other Income: $263,140
Total Income: $1,315,700

BOSTON Bruins

5 vs 5 Forward 
   Center                   Left Wing                Right Wing               Time % Phy DF OF 
 1 Bo Horvat                Brad Marchand            Adrian Kempe             38     1   2  2  
 2 Joel Eriksson Ek         Kirill Kaprizov          Frank Vatrano            34     1   2  2  
 3 Tomas Hertl              Nathan Walker            Blake Wheeler            20     1   2  2  
 4 Adam Lowry               Michael Pezzetta         Phil Kessel              8      1   2  2  

5 vs 5 Defense 
   Defense                  Defense                                           Time % Phy DF OF 
 1 Victor Hedman            Shea Theodore                                     43     1   2  2  
 2 Andrew Peeke             Matt Dumba                                        41     1   3  1  
 3 Jaycob Megna             Brad Hunt                                         16     2   2  1  
 4 Victor Hedman            Shea Theodore                                     0      1   2  2  

PowerPlay Forward 
   Center                   Left Wing                Right Wing               Time % Phy DF OF 
 1 Bo Horvat                Brad Marchand            Adrian Kempe             60     1   2  2  
 2 Tomas Hertl              Joel Eriksson Ek         Frank Vatrano            40     1   2  2  

PowerPlay Defense
   Defense                  Defense                                           Time % Phy DF OF 
 1 Victor Hedman            Kirill Kaprizov                                   60     1   2  2  
 2 Matt Dumba               Shea Theodore                                     40     1   2  2  

Penalty Kill 4 Players Forward 
   Center                   Wing                     Time % Phy DF OF 
 1 Adam Lowry               Brad Marchand            60     1   2  2  
 2 Joel Eriksson Ek         Andrew Peeke             40     1   2  2  

Penalty Kill 4 Players Defense
   Defense                  Defense                  Time % Phy DF OF 
 1 Victor Hedman            Andrew Peeke             60     1   2  2  
 2 Matt Dumba               Shea Theodore            40     1   2  2  

Penalty Kill - 3 Players Forward 
   Forward                                           Time % Phy DF OF 
 1 Adam Lowry                                        60     1   2  2  
 2 Joel Eriksson Ek                                  40     1   2  2  

Penalty Kill - 3 Players Defense
   Defense                  Defense                  Time % Phy DF OF 
 1 Victor Hedman            Andrew Peeke             60     1   2  2  
 2 Matt Dumba               Shea Theodore            40     1   2  2  

4 vs 4 Forward 
   Center                   Wing                     Time % Phy DF OF 
 1 Bo Horvat                Brad Marchand            60     1   2  2  
 2 Joel Eriksson Ek         Adrian Kempe             40     1   2  2  

4 vs 4 Defense
   Defense                  Defense                  Time % Phy DF OF 
 1 Victor Hedman            Shea Theodore            60     1   2  2  
 2 Andrew Peeke             Matt Dumba               40     1   2  2  

Last Minutes Offensive
   Center                   Left Wing                Right Wing               Defense                  Defense                  
   Bo Horvat                Kirill Kaprizov          Andrew Peeke             Victor Hedman            Shea Theodore            

Last Minutes Defensive
   Center                   Left Wing                Right Wing               Defense                  Defense                  
   Bo Horvat                Brad Marchand            Adrian Kempe             Victor Hedman            Andrew Peeke             

Goaltenders
Starting : Tristan Jarry            
Backup : Casey DeSmith            

Extra Forwards
Normal : Kirill Kaprizov, Tomas Hertl, Brad Marchand - PP : Kirill Kaprizov, Tomas Hertl - PK : Adam Lowry
Extra Defensemen
Normal : Victor Hedman, Shea Theodore, Matt Dumba - PP : Victor Hedman - PK : Andrew Peeke, Victor Hedman
Penalty Shots
Bo Horvat, Adrian Kempe, Kirill Kaprizov, Tomas Hertl, Brad Marchand

Scratches
None

ANAHEIM Ducks

5 vs 5 Forward 
   Center                   Left Wing                Right Wing               Time % Phy DF OF 
 1 Elias Lindholm           Chandler Stephenson      Nathan MacKinnon         35     0   2  3  
 2 Jeff Carter              Nick Paul                Brayden Point            35     0   2  3  
 3 David Kampf              Joel Farabee             Warren Foegele           20     1   2  2  
 4 Nic Dowd                 Derick Brassard          Patrick Maroon           10     1   3  1  

5 vs 5 Defense 
   Defense                  Defense                                           Time % Phy DF OF 
 1 Brett Pesce              MacKenzie Weegar                                  40     1   2  2  
 2 Mark Giordano            Seth Jones                                        35     1   2  2  
 3 Justin Holl              Ryan Lindgren                                     20     2   2  1  
 4 Brett Pesce              MacKenzie Weegar                                  5      2   2  1  

PowerPlay Forward 
   Center                   Left Wing                Right Wing               Time % Phy DF OF 
 1 Elias Lindholm           Brayden Point            Nathan MacKinnon         60     0   1  4  
 2 Chandler Stephenson      Nick Paul                Jeff Carter              40     0   1  4  

PowerPlay Defense
   Defense                  Defense                                           Time % Phy DF OF 
 1 Seth Jones               MacKenzie Weegar                                  60     0   1  4  
 2 Mark Giordano            Brett Pesce                                       40     0   1  4  

Penalty Kill 4 Players Forward 
   Center                   Wing                     Time % Phy DF OF 
 1 Elias Lindholm           David Kampf              60     1   3  1  
 2 Chandler Stephenson      Nic Dowd                 40     1   3  1  

Penalty Kill 4 Players Defense
   Defense                  Defense                  Time % Phy DF OF 
 1 Brett Pesce              Ryan Lindgren            60     1   3  1  
 2 MacKenzie Weegar         Justin Holl              40     1   3  1  

Penalty Kill - 3 Players Forward 
   Forward                                           Time % Phy DF OF 
 1 Elias Lindholm                                    60     1   4  0  
 2 Chandler Stephenson                               40     1   4  0  

Penalty Kill - 3 Players Defense
   Defense                  Defense                  Time % Phy DF OF 
 1 Brett Pesce              Ryan Lindgren            60     1   4  0  
 2 MacKenzie Weegar         Justin Holl              40     1   4  0  

4 vs 4 Forward 
   Center                   Wing                     Time % Phy DF OF 
 1 Elias Lindholm           Nathan MacKinnon         60     1   2  2  
 2 Chandler Stephenson      Brayden Point            40     1   2  2  

4 vs 4 Defense
   Defense                  Defense                  Time % Phy DF OF 
 1 MacKenzie Weegar         Brett Pesce              60     1   2  2  
 2 Mark Giordano            Seth Jones               40     1   2  2  

Last Minutes Offensive
   Center                   Left Wing                Right Wing               Defense                  Defense                  
   Elias Lindholm           Brayden Point            Nathan MacKinnon         Seth Jones               MacKenzie Weegar         

Last Minutes Defensive
   Center                   Left Wing                Right Wing               Defense                  Defense                  
   Elias Lindholm           Chandler Stephenson      David Kampf              Ryan Lindgren            Brett Pesce              

Goaltenders
Starting : Philipp Grubauer         
Backup : Brian Elliott            

Extra Forwards
Normal : Jeff Carter, Nick Paul, Joel Farabee - PP : Jeff Carter, Nick Paul - PK : Jeff Carter
Extra Defensemen
Normal : Brett Pesce, Justin Holl, Ryan Lindgren - PP : Brett Pesce - PK : Brett Pesce, Justin Holl
Penalty Shots
Nathan MacKinnon, Brayden Point, Elias Lindholm, Chandler Stephenson, Nick Paul

Scratches
None


% Time on Ice - BOSTON Bruins

Lines # - Real PCT - Wanted PCT - Time Play
Normal Forward
1 - 30% - 38% - 13:21
2 - 32% - 34% - 14:02
3 - 21% - 20% - 9:06
4 - 17% - 8% - 7:37
Normal Defense
1 - 39% - 43% - 17:07
2 - 34% - 41% - 15:01
3 - 27% - 16% - 11:58
4 - 0% - 0% - 0:00
PP Forward
1 - 56% - 60% - 4:18
2 - 44% - 40% - 3:25
PP Defense
1 - 54% - 60% - 4:08
2 - 46% - 40% - 3:35
PK Forward
1 - 87% - 60% - 3:40
2 - 13% - 40% - 0:33
PK Defense
1 - 62% - 60% - 2:36
2 - 38% - 40% - 1:37
PK3 Forward
1 - 0% - 60%
2 - 0% - 40%
PK3 Defense
1 - 0% - 60%
2 - 0% - 40%
44 Forward
1 - 50% - 60% - 1:59
2 - 50% - 40% - 1:59
44 Defense
1 - 45% - 60% - 1:48
2 - 55% - 40% - 2:10
Last Minute Offensive  - 0:00
Last Minute Defensive  - 0:00
Total
Forward - 60:00
Defense - 60:00

% Time on Ice - ANAHEIM Ducks

Lines # - Real PCT - Wanted PCT - Time Play
Normal Forward
1 - 29% - 35% - 12:51
2 - 37% - 35% - 16:29
3 - 21% - 20% - 9:17
4 - 12% - 10% - 5:29
Normal Defense
1 - 38% - 40% - 16:48
2 - 36% - 35% - 15:40
3 - 26% - 20% - 11:38
4 - 0% - 5% - 0:00
PP Forward
1 - 48% - 60% - 2:02
2 - 52% - 40% - 2:11
PP Defense
1 - 50% - 60% - 2:06
2 - 50% - 40% - 2:07
PK Forward
1 - 78% - 60% - 5:59
2 - 22% - 40% - 1:44
PK Defense
1 - 48% - 60% - 3:41
2 - 52% - 40% - 4:02
PK3 Forward
1 - 0% - 60%
2 - 0% - 40%
PK3 Defense
1 - 0% - 60%
2 - 0% - 40%
44 Forward
1 - 54% - 60% - 2:08
2 - 46% - 40% - 1:50
44 Defense
1 - 54% - 60% - 2:09
2 - 46% - 40% - 1:49
Last Minute Offensive  - 0:00
Last Minute Defensive  - 0:00
Total
Forward - 60:00
Defense - 60:00

Play-by-Play

1st period


0:01 of 1st period - Bo Horvat wins face-off versus Elias Lindholm in neutral zone.
0:03 of 1st period - Shea Theodore is hit by Nathan MacKinnon and loses puck.
1:09 of 1st period - Shot by Brayden Point.
1:09 of 1st period - Stopped by Tristan Jarry without a rebound.
1:10 of 1st period - Tomas Hertl wins face-off versus David Kampf in BOSTON Bruins zone.
2:03 of 1st period - Joel Farabee is hit by Andrew Peeke and loses puck.
2:43 of 1st period - Nick Paul is hit by Frank Vatrano.
2:46 of 1st period - Mark Giordano is hit by Andrew Peeke and loses puck.
2:48 of 1st period - Minor Penalty to Nick Paul for Hooking.
2:48 of 1st period - Minor Penalty to Matt Dumba for Hooking.
2:49 of 1st period - Bo Horvat wins face-off versus Elias Lindholm in BOSTON Bruins zone.
3:06 of 1st period - Icing by Victor Hedman.
3:07 of 1st period - Bo Horvat wins face-off versus Elias Lindholm in BOSTON Bruins zone.
3:42 of 1st period - Shot by Brad Marchand.
3:42 of 1st period - Stopped by Philipp Grubauer without a rebound.
3:43 of 1st period - Joel Eriksson Ek wins face-off versus Chandler Stephenson in ANAHEIM Ducks zone.
3:54 of 1st period - Shot by Adrian Kempe.
3:54 of 1st period - Shot Blocked by Seth Jones.
4:26 of 1st period - Shot by Brayden Point.
4:26 of 1st period - Shot Blocked by Andrew Peeke.
4:28 of 1st period - Shot by Chandler Stephenson.
4:28 of 1st period - Stopped by Tristan Jarry with a rebound.
4:42 of 1st period - Shot by Elias Lindholm.
4:42 of 1st period - Deflect By Nathan MacKinnon.
4:42 of 1st period - Shot Misses the Net.
5:04 of 1st period - Shot by Adam Lowry.
5:04 of 1st period - Stopped by Philipp Grubauer without a rebound.
5:05 of 1st period - Tomas Hertl wins face-off versus David Kampf in ANAHEIM Ducks zone.
5:45 of 1st period - Blake Wheeler is hit by MacKenzie Weegar and loses puck.
6:21 of 1st period - Michael Pezzetta is hit by Mark Giordano and loses puck.
7:23 of 1st period - Icing by Adam Lowry.
7:24 of 1st period - Adam Lowry wins face-off versus Nic Dowd in BOSTON Bruins zone.
7:42 of 1st period - Shot by Adrian Kempe.
7:42 of 1st period - Deflect By Bo Horvat.
7:42 of 1st period - Shot Blocked by Brett Pesce.
7:44 of 1st period - Shot by Shea Theodore.
7:44 of 1st period - Stopped by Philipp Grubauer without a rebound.
7:45 of 1st period - David Kampf wins face-off versus Joel Eriksson Ek in ANAHEIM Ducks zone.
7:45 of 1st period - Seth Jones is hit by Joel Eriksson Ek.
7:50 of 1st period - Minor Penalty to Jaycob Megna for Hooking.
7:51 of 1st period - Elias Lindholm wins face-off versus Tomas Hertl in BOSTON Bruins zone.
7:52 of 1st period - Shot by MacKenzie Weegar.
7:52 of 1st period - Deflect By Elias Lindholm.
7:52 of 1st period - Stopped by Tristan Jarry without a rebound.
7:53 of 1st period - Elias Lindholm wins face-off versus Tomas Hertl in BOSTON Bruins zone.
7:54 of 1st period - Shot by MacKenzie Weegar.
7:54 of 1st period - Stopped by Tristan Jarry without a rebound.
7:55 of 1st period - Adam Lowry wins face-off versus Elias Lindholm in BOSTON Bruins zone.
7:55 of 1st period - Brad Marchand is hit by Nathan MacKinnon.
8:05 of 1st period - Shot by MacKenzie Weegar.
8:05 of 1st period - Stopped by Tristan Jarry without a rebound.
8:06 of 1st period - Adam Lowry wins face-off versus Elias Lindholm in BOSTON Bruins zone.
8:06 of 1st period - Adam Lowry is hit by Nathan MacKinnon.
8:30 of 1st period - Seth Jones is hit by Andrew Peeke and loses puck.
8:39 of 1st period - Shot by Brayden Point.
8:39 of 1st period - Stopped by Tristan Jarry without a rebound.
8:40 of 1st period - Adam Lowry wins face-off versus Chandler Stephenson in BOSTON Bruins zone.
9:27 of 1st period - Icing by Mark Giordano.
9:28 of 1st period - Chandler Stephenson wins face-off versus Adam Lowry in ANAHEIM Ducks zone.
9:35 of 1st period - Shot by Chandler Stephenson.
9:35 of 1st period - Stopped by Tristan Jarry without a rebound.
9:36 of 1st period - Adam Lowry wins face-off versus Elias Lindholm in BOSTON Bruins zone.
9:36 of 1st period - Matt Dumba is hit by Nathan MacKinnon and loses puck.
9:45 of 1st period - Brayden Point is hit by Adam Lowry and loses puck.
10:29 of 1st period - Shot by Derick Brassard.
10:29 of 1st period - Shot Blocked by Jaycob Megna.
11:02 of 1st period - Shea Theodore is hit by MacKenzie Weegar and loses puck.
11:10 of 1st period - Minor Penalty to MacKenzie Weegar for Tripping.
11:10 of 1st period - Minor Penalty to Tomas Hertl for Tripping.
11:11 of 1st period - Bo Horvat wins face-off versus Elias Lindholm in ANAHEIM Ducks zone.
11:20 of 1st period - Matt Dumba is hit by Nathan MacKinnon and loses puck.
12:47 of 1st period - Adrian Kempe is hit by Brayden Point.
13:28 of 1st period - Shot by Nathan Walker.
13:28 of 1st period - Shot Misses the Net.
13:39 of 1st period - Minor Penalty to Jaycob Megna for Interference.
13:40 of 1st period - Chandler Stephenson wins face-off versus Adam Lowry in BOSTON Bruins zone.
13:43 of 1st period - Shot by Nick Paul.
13:43 of 1st period - Stopped by Tristan Jarry without a rebound.
13:44 of 1st period - Elias Lindholm wins face-off versus Adam Lowry in BOSTON Bruins zone.
13:54 of 1st period - Shot by MacKenzie Weegar.
13:54 of 1st period - Goal by MacKenzie Weegar - BOSTON Bruins : 0 - ANAHEIM Ducks : 1.
13:55 of 1st period - Nathan Walker wins face-off versus Nic Dowd in neutral zone.
13:55 of 1st period - Nathan Walker is hit by Derick Brassard.
14:21 of 1st period - Matt Dumba is hit by MacKenzie Weegar and loses puck.
14:43 of 1st period - Icing by Andrew Peeke.
14:44 of 1st period - Jeff Carter wins face-off versus Tomas Hertl in BOSTON Bruins zone.
15:02 of 1st period - Shot by Brayden Point.
15:02 of 1st period - Goal by Brayden Point - BOSTON Bruins : 0 - ANAHEIM Ducks : 2.
15:03 of 1st period - Bo Horvat wins face-off versus Elias Lindholm in neutral zone.
16:06 of 1st period - Icing by Nick Paul.
16:07 of 1st period - Jeff Carter wins face-off versus Joel Eriksson Ek in ANAHEIM Ducks zone.
16:07 of 1st period - Mark Giordano is hit by Frank Vatrano and loses puck.
16:18 of 1st period - Shot by Joel Eriksson Ek.
16:18 of 1st period - Shot Misses the Net.
16:20 of 1st period - Shot by Jaycob Megna.
16:20 of 1st period - Shot Misses the Net.
16:30 of 1st period - Shot by Joel Eriksson Ek.
16:30 of 1st period - Shot Blocked by Mark Giordano.
16:43 of 1st period - Minor Penalty to Brad Hunt for Cross-checking.
16:44 of 1st period - Elias Lindholm wins face-off versus Adam Lowry in BOSTON Bruins zone.
16:45 of 1st period - Shot by MacKenzie Weegar.
16:45 of 1st period - Stopped by Tristan Jarry without a rebound.
16:46 of 1st period - Elias Lindholm wins face-off versus Adam Lowry in BOSTON Bruins zone.
16:47 of 1st period - Shot by MacKenzie Weegar.
16:47 of 1st period - Shot Misses the Net.
16:55 of 1st period - Shot by Nathan MacKinnon.
16:55 of 1st period - Deflect By Brayden Point.
16:55 of 1st period - Shot Misses the Net.
16:57 of 1st period - Shot by Nathan MacKinnon.
16:57 of 1st period - Shot Blocked by Victor Hedman.
16:59 of 1st period - Shot by MacKenzie Weegar.
16:59 of 1st period - Stopped by Tristan Jarry without a rebound.
17:00 of 1st period - Jeff Carter wins face-off versus Adam Lowry in BOSTON Bruins zone.
17:15 of 1st period - Shot by Mark Giordano.
17:15 of 1st period - Shot Misses the Net.
17:17 of 1st period - Shot by Chandler Stephenson.
17:17 of 1st period - Shot Misses the Net.
17:19 of 1st period - Shot by Mark Giordano.
17:19 of 1st period - Shot Blocked by Andrew Peeke.
17:21 of 1st period - Shot by Nick Paul.
17:21 of 1st period - Stopped by Tristan Jarry without a rebound.
17:22 of 1st period - Elias Lindholm wins face-off versus Adam Lowry in BOSTON Bruins zone.
17:23 of 1st period - Shot by MacKenzie Weegar.
17:23 of 1st period - Stopped by Tristan Jarry without a rebound.
17:24 of 1st period - Elias Lindholm wins face-off versus Adam Lowry in BOSTON Bruins zone.
17:31 of 1st period - Shot by Brayden Point.
17:31 of 1st period - Stopped by Tristan Jarry without a rebound.
17:32 of 1st period - Adam Lowry wins face-off versus Elias Lindholm in BOSTON Bruins zone.
17:32 of 1st period - Adam Lowry is hit by Brayden Point.
17:50 of 1st period - Shot by Nathan MacKinnon.
17:50 of 1st period - Stopped by Tristan Jarry without a rebound.
17:51 of 1st period - Joel Eriksson Ek wins face-off versus Chandler Stephenson in BOSTON Bruins zone.
18:17 of 1st period - Shot by Chandler Stephenson.
18:17 of 1st period - Stopped by Tristan Jarry with a rebound.
18:51 of 1st period - Shot by Kirill Kaprizov.
18:51 of 1st period - Stopped by Philipp Grubauer without a rebound.
18:52 of 1st period - Joel Eriksson Ek wins face-off versus David Kampf in ANAHEIM Ducks zone.
18:55 of 1st period - Shot by Kirill Kaprizov.
18:55 of 1st period - Stopped by Philipp Grubauer without a rebound.
18:56 of 1st period - Joel Eriksson Ek wins face-off versus Joel Farabee in ANAHEIM Ducks zone.
18:59 of 1st period - Shot by Kirill Kaprizov.
18:59 of 1st period - Shot Misses the Net.
19:01 of 1st period - Shot by Joel Eriksson Ek.
19:01 of 1st period - Shot Blocked by Ryan Lindgren.
19:03 of 1st period - Shot by Joel Eriksson Ek.
19:03 of 1st period - Stopped by Philipp Grubauer without a rebound.
19:04 of 1st period - David Kampf wins face-off versus Joel Eriksson Ek in ANAHEIM Ducks zone.
19:24 of 1st period - David Kampf is hit by Frank Vatrano and loses puck.
Goals for this period are 0 for BOSTON Bruins vs 2 for ANAHEIM Ducks.
Shots for this period are 6 for BOSTON Bruins vs 17 for ANAHEIM Ducks.

2nd period


0:01 of 2nd period - Nick Paul wins face-off versus Bo Horvat in neutral zone.
0:23 of 2nd period - Bo Horvat is hit by Brett Pesce and loses puck.
1:09 of 2nd period - Shea Theodore is hit by Brett Pesce and loses puck.
1:21 of 2nd period - Minor Penalty to MacKenzie Weegar for Holding.
1:22 of 2nd period - Tomas Hertl wins face-off versus Elias Lindholm in ANAHEIM Ducks zone.
1:27 of 2nd period - Shot by Kirill Kaprizov.
1:27 of 2nd period - Stopped by Philipp Grubauer without a rebound.
1:28 of 2nd period - Tomas Hertl wins face-off versus Elias Lindholm in ANAHEIM Ducks zone.
1:43 of 2nd period - Shot by Victor Hedman.
1:43 of 2nd period - Shot Blocked by Justin Holl.
1:45 of 2nd period - Shot by Kirill Kaprizov.
1:45 of 2nd period - Shot Hit the Post.
1:47 of 2nd period - Shot by Frank Vatrano.
1:47 of 2nd period - Shot Misses the Net.
1:49 of 2nd period - Shot by Frank Vatrano.
1:49 of 2nd period - Stopped by Philipp Grubauer with a rebound.
1:59 of 2nd period - Shot by Victor Hedman.
1:59 of 2nd period - Stopped by Philipp Grubauer without a rebound.
2:00 of 2nd period - Elias Lindholm wins face-off versus Bo Horvat in ANAHEIM Ducks zone.
2:24 of 2nd period - Icing by Shea Theodore.
2:25 of 2nd period - Bo Horvat wins face-off versus Elias Lindholm in BOSTON Bruins zone.
2:38 of 2nd period - David Kampf is hit by Brad Marchand and loses puck.
3:23 of 2nd period - Shot by Joel Eriksson Ek.
3:23 of 2nd period - Shot Misses the Net.
3:25 of 2nd period - Shot by Michael Pezzetta.
3:25 of 2nd period - Shot Misses the Net.
4:19 of 2nd period - MacKenzie Weegar is hit by Frank Vatrano and loses puck.
4:25 of 2nd period - Joel Eriksson Ek is hit by Brett Pesce.
4:56 of 2nd period - Minor Penalty to Jeff Carter for Hooking.
4:57 of 2nd period - Bo Horvat wins face-off versus Elias Lindholm in ANAHEIM Ducks zone.
5:00 of 2nd period - Shot by Adrian Kempe.
5:00 of 2nd period - Stopped by Philipp Grubauer with a rebound.
5:35 of 2nd period - Shot by Bo Horvat.
5:35 of 2nd period - Shot Blocked by David Kampf.
6:58 of 2nd period - Off-side.
6:59 of 2nd period - Nic Dowd wins face-off versus Adam Lowry in neutral zone.
7:11 of 2nd period - Shot by Phil Kessel.
7:11 of 2nd period - Shot Blocked by Derick Brassard.
7:13 of 2nd period - Shot by Michael Pezzetta.
7:13 of 2nd period - Shot Misses the Net.
7:33 of 2nd period - Shot by Patrick Maroon.
7:33 of 2nd period - Shot Misses the Net.
7:36 of 2nd period - Icing by Adam Lowry.
7:37 of 2nd period - Jeff Carter wins face-off versus Adam Lowry in BOSTON Bruins zone.
8:10 of 2nd period - Shot by Brad Marchand.
8:10 of 2nd period - Goal by Brad Marchand - BOSTON Bruins : 1 - ANAHEIM Ducks : 2.
8:11 of 2nd period - Joel Eriksson Ek wins face-off versus Elias Lindholm in neutral zone.
8:16 of 2nd period - Shot by Frank Vatrano.
8:16 of 2nd period - Stopped by Philipp Grubauer without a rebound.
8:17 of 2nd period - Bo Horvat wins face-off versus Elias Lindholm in ANAHEIM Ducks zone.
8:19 of 2nd period - Brad Marchand is hit by Mark Giordano and loses puck.
8:28 of 2nd period - Shot by Nathan MacKinnon.
8:28 of 2nd period - Goal by Nathan MacKinnon - BOSTON Bruins : 1 - ANAHEIM Ducks : 3.
8:29 of 2nd period - Joel Eriksson Ek wins face-off versus Jeff Carter in neutral zone.
8:45 of 2nd period - Brayden Point is hit by Victor Hedman and loses puck.
8:56 of 2nd period - Shot by Shea Theodore.
8:56 of 2nd period - Stopped by Philipp Grubauer without a rebound.
8:57 of 2nd period - Bo Horvat wins face-off versus Elias Lindholm in ANAHEIM Ducks zone.
9:12 of 2nd period - Shot by Nathan MacKinnon.
9:12 of 2nd period - Deflect By Chandler Stephenson.
9:12 of 2nd period - Stopped by Tristan Jarry with a rebound.
9:54 of 2nd period - Shot by Frank Vatrano.
9:54 of 2nd period - Shot Misses the Net.
9:56 of 2nd period - Shot by Joel Eriksson Ek.
9:56 of 2nd period - Shot Blocked by MacKenzie Weegar.
10:18 of 2nd period - Shot by Kirill Kaprizov.
10:18 of 2nd period - Shot Misses the Net.
10:48 of 2nd period - Shot by Tomas Hertl.
10:48 of 2nd period - Stopped by Philipp Grubauer without a rebound.
10:49 of 2nd period - Jeff Carter wins face-off versus Phil Kessel in ANAHEIM Ducks zone.
10:49 of 2nd period - Jeff Carter is hit by Michael Pezzetta.
11:10 of 2nd period - Adam Lowry is hit by Seth Jones and loses puck.
11:24 of 2nd period - Brayden Point is hit by Brad Hunt and loses puck.
12:12 of 2nd period - Icing by Andrew Peeke.
12:13 of 2nd period - Nic Dowd wins face-off versus Bo Horvat in BOSTON Bruins zone.
12:18 of 2nd period - Shot by Derick Brassard.
12:18 of 2nd period - Stopped by Tristan Jarry without a rebound.
12:19 of 2nd period - Joel Eriksson Ek wins face-off versus Nic Dowd in BOSTON Bruins zone.
12:46 of 2nd period - Joel Eriksson Ek is hit by Justin Holl and loses puck.
13:12 of 2nd period - Shot by Brayden Point.
13:12 of 2nd period - Shot Misses the Net.
13:51 of 2nd period - Bo Horvat is hit by Mark Giordano and loses puck.
15:21 of 2nd period - Off-side.
15:22 of 2nd period - Nic Dowd wins face-off versus Adam Lowry in neutral zone.
15:44 of 2nd period - Shot by Derick Brassard.
15:44 of 2nd period - Deflect By Nic Dowd.
15:44 of 2nd period - Goal by Nic Dowd - BOSTON Bruins : 1 - ANAHEIM Ducks : 4.
15:45 of 2nd period - Bo Horvat wins face-off versus David Kampf in neutral zone.
15:55 of 2nd period - Brad Marchand is hit by Seth Jones and loses puck.
16:02 of 2nd period - Bo Horvat is hit by Warren Foegele and loses puck.
16:09 of 2nd period - Shot by Warren Foegele.
16:09 of 2nd period - Stopped by Tristan Jarry with a rebound.
16:11 of 2nd period - Shot by David Kampf.
16:11 of 2nd period - Shot Misses the Net.
16:53 of 2nd period - Chandler Stephenson is hit by Victor Hedman and loses puck.
17:11 of 2nd period - Icing by Elias Lindholm.
17:12 of 2nd period - Joel Eriksson Ek wins face-off versus Nathan MacKinnon in ANAHEIM Ducks zone.
17:31 of 2nd period - Shot by Kirill Kaprizov.
17:31 of 2nd period - Deflect By Frank Vatrano.
17:31 of 2nd period - Stopped by Philipp Grubauer with a rebound.
18:06 of 2nd period - Shot by Nick Paul.
18:06 of 2nd period - Shot Misses the Net.
18:08 of 2nd period - Shot by Jeff Carter.
18:08 of 2nd period - Goal by Jeff Carter - BOSTON Bruins : 1 - ANAHEIM Ducks : 5.
18:08 of 2nd period - Casey DeSmith enters game.
18:09 of 2nd period - David Kampf wins face-off versus Tomas Hertl in neutral zone.
18:36 of 2nd period - Shot by David Kampf.
18:36 of 2nd period - Stopped by Casey DeSmith without a rebound.
18:37 of 2nd period - Jeff Carter wins face-off versus Adam Lowry in BOSTON Bruins zone.
18:45 of 2nd period - Shea Theodore is hit by Justin Holl and loses puck.
19:06 of 2nd period - Shot by Adam Lowry.
19:06 of 2nd period - Shot Blocked by Ryan Lindgren.
19:08 of 2nd period - Shot by Victor Hedman.
19:08 of 2nd period - Stopped by Philipp Grubauer with a rebound.
19:10 of 2nd period - Shot by Phil Kessel.
19:10 of 2nd period - Stopped by Philipp Grubauer without a rebound.
19:11 of 2nd period - Bo Horvat wins face-off versus Elias Lindholm in ANAHEIM Ducks zone.
19:26 of 2nd period - Shot by Adrian Kempe.
19:26 of 2nd period - Stopped by Philipp Grubauer without a rebound.
19:27 of 2nd period - David Kampf wins face-off versus Joel Eriksson Ek in ANAHEIM Ducks zone.
19:34 of 2nd period - Shot by Warren Foegele.
19:34 of 2nd period - Shot Blocked by Kirill Kaprizov.
Goals for this period are 1 for BOSTON Bruins vs 3 for ANAHEIM Ducks.
Shots for this period are 12 for BOSTON Bruins vs 7 for ANAHEIM Ducks.

3rd period


0:01 of 3rd period - Bo Horvat wins face-off versus Elias Lindholm in neutral zone.
0:14 of 3rd period - Shot by Brad Marchand.
0:14 of 3rd period - Stopped by Philipp Grubauer with a rebound.
0:18 of 3rd period - Shot by Brad Marchand.
0:18 of 3rd period - Stopped by Philipp Grubauer without a rebound.
0:19 of 3rd period - Joel Eriksson Ek wins face-off versus Jeff Carter in ANAHEIM Ducks zone.
0:33 of 3rd period - Brett Pesce is hit by Victor Hedman and loses puck.
0:50 of 3rd period - Shot by Brayden Point.
0:50 of 3rd period - Stopped by Casey DeSmith with a rebound.
1:56 of 3rd period - Shot by Bo Horvat.
1:56 of 3rd period - Stopped by Philipp Grubauer without a rebound.
1:57 of 3rd period - David Kampf wins face-off versus Tomas Hertl in ANAHEIM Ducks zone.
2:20 of 3rd period - Shot by David Kampf.
2:20 of 3rd period - Stopped by Casey DeSmith without a rebound.
2:21 of 3rd period - Bo Horvat wins face-off versus Nic Dowd in BOSTON Bruins zone.
2:21 of 3rd period - Brad Marchand is hit by Patrick Maroon and loses puck.
2:25 of 3rd period - Icing by Andrew Peeke.
2:26 of 3rd period - Elias Lindholm wins face-off versus Bo Horvat in BOSTON Bruins zone.
2:26 of 3rd period - Mark Giordano is hit by Matt Dumba and loses puck.
2:42 of 3rd period - Shot by Bo Horvat.
2:42 of 3rd period - Stopped by Philipp Grubauer without a rebound.
2:43 of 3rd period - Joel Eriksson Ek wins face-off versus Jeff Carter in ANAHEIM Ducks zone.
3:08 of 3rd period - Shot by Kirill Kaprizov.
3:08 of 3rd period - Shot Hit the Post.
3:09 of 3rd period - Minor Penalty to MacKenzie Weegar for High sticking.
3:10 of 3rd period - Elias Lindholm wins face-off versus Bo Horvat in ANAHEIM Ducks zone.
3:19 of 3rd period - Shot by Shea Theodore.
3:19 of 3rd period - Stopped by Philipp Grubauer with a rebound.
3:21 of 3rd period - Shot by Matt Dumba.
3:21 of 3rd period - Shot Misses the Net.
3:23 of 3rd period - Shot by Adrian Kempe.
3:23 of 3rd period - Stopped by Philipp Grubauer without a rebound.
3:24 of 3rd period - Tomas Hertl wins face-off versus Elias Lindholm in ANAHEIM Ducks zone.
3:24 of 3rd period - Tomas Hertl is hit by Justin Holl.
3:53 of 3rd period - Shot by Tomas Hertl.
3:53 of 3rd period - Shot Misses the Net.
3:57 of 3rd period - Shot by Frank Vatrano.
3:57 of 3rd period - Shot Misses the Net.
3:59 of 3rd period - Shot by Tomas Hertl.
3:59 of 3rd period - Stopped by Philipp Grubauer without a rebound.
4:00 of 3rd period - Bo Horvat wins face-off versus Elias Lindholm in ANAHEIM Ducks zone.
4:09 of 3rd period - Shot by Brad Marchand.
4:09 of 3rd period - Stopped by Philipp Grubauer without a rebound.
4:10 of 3rd period - Bo Horvat wins face-off versus Chandler Stephenson in ANAHEIM Ducks zone.
4:11 of 3rd period - Shot by Adrian Kempe.
4:11 of 3rd period - Deflect By Brad Marchand.
4:11 of 3rd period - Stopped by Philipp Grubauer without a rebound.
4:12 of 3rd period - Elias Lindholm wins face-off versus Bo Horvat in ANAHEIM Ducks zone.
4:12 of 3rd period - Elias Lindholm is hit by Brad Marchand.
4:29 of 3rd period - Adrian Kempe is hit by Justin Holl and loses puck.
4:32 of 3rd period - Shot by Victor Hedman.
4:32 of 3rd period - Stopped by Philipp Grubauer without a rebound.
4:33 of 3rd period - Elias Lindholm wins face-off versus Tomas Hertl in ANAHEIM Ducks zone.
4:45 of 3rd period - Off-side.
4:46 of 3rd period - Bo Horvat wins face-off versus Elias Lindholm in neutral zone.
4:55 of 3rd period - Shot by Brad Marchand.
4:55 of 3rd period - Goal by Brad Marchand - BOSTON Bruins : 2 - ANAHEIM Ducks : 5.
4:56 of 3rd period - Jeff Carter wins face-off versus Bo Horvat in neutral zone.
5:01 of 3rd period - Shot by Jeff Carter.
5:01 of 3rd period - Shot Misses the Net.
5:03 of 3rd period - Shot by Nick Paul.
5:03 of 3rd period - Stopped by Casey DeSmith without a rebound.
5:04 of 3rd period - Jeff Carter wins face-off versus Bo Horvat in BOSTON Bruins zone.
5:09 of 3rd period - Shot by Brayden Point.
5:09 of 3rd period - Shot Misses the Net.
5:45 of 3rd period - Shot by Brayden Point.
5:45 of 3rd period - Shot Misses the Net.
6:10 of 3rd period - Off-side.
6:11 of 3rd period - Tomas Hertl wins face-off versus Nathan MacKinnon in neutral zone.
7:31 of 3rd period - Frank Vatrano is hit by Justin Holl and loses puck.
7:42 of 3rd period - Shot by David Kampf.
7:42 of 3rd period - Shot Misses the Net.
8:56 of 3rd period - Shot by Adrian Kempe.
8:56 of 3rd period - Shot Misses the Net.
9:44 of 3rd period - Shot by Elias Lindholm.
9:44 of 3rd period - Stopped by Casey DeSmith with a rebound.
10:15 of 3rd period - Icing by Nathan MacKinnon.
10:16 of 3rd period - Elias Lindholm wins face-off versus Tomas Hertl in ANAHEIM Ducks zone.
10:25 of 3rd period - Shot by Elias Lindholm.
10:25 of 3rd period - Shot Blocked by Shea Theodore.
10:27 of 3rd period - Shot by Ryan Lindgren.
10:27 of 3rd period - Shot Blocked by Victor Hedman.
10:52 of 3rd period - Icing by Justin Holl.
10:53 of 3rd period - Elias Lindholm wins face-off versus Joel Eriksson Ek in ANAHEIM Ducks zone.
10:53 of 3rd period - Elias Lindholm is hit by Frank Vatrano.
11:11 of 3rd period - Joel Eriksson Ek is hit by Ryan Lindgren and loses puck.
11:31 of 3rd period - Icing by Ryan Lindgren.
11:32 of 3rd period - Elias Lindholm wins face-off versus Tomas Hertl in ANAHEIM Ducks zone.
11:51 of 3rd period - Shot by Jeff Carter.
11:51 of 3rd period - Stopped by Casey DeSmith without a rebound.
11:52 of 3rd period - Adam Lowry wins face-off versus Jeff Carter in BOSTON Bruins zone.
11:52 of 3rd period - Victor Hedman is hit by Nick Paul and loses puck.
12:53 of 3rd period - Off-side.
12:54 of 3rd period - David Kampf wins face-off versus Bo Horvat in neutral zone.
13:10 of 3rd period - Shot by David Kampf.
13:10 of 3rd period - Shot Misses the Net.
13:43 of 3rd period - Off-side.
13:44 of 3rd period - Nic Dowd wins face-off versus Kirill Kaprizov in neutral zone.
14:09 of 3rd period - Shot by Frank Vatrano.
14:09 of 3rd period - Stopped by Philipp Grubauer without a rebound.
14:10 of 3rd period - Tomas Hertl wins face-off versus Elias Lindholm in ANAHEIM Ducks zone.
14:27 of 3rd period - Shot by Blake Wheeler.
14:27 of 3rd period - Shot Misses the Net.
14:51 of 3rd period - Blake Wheeler is hit by Nathan MacKinnon and loses puck.
14:59 of 3rd period - Icing by Victor Hedman.
15:00 of 3rd period - Jeff Carter wins face-off versus Tomas Hertl in BOSTON Bruins zone.
15:07 of 3rd period - Shea Theodore is hit by Nick Paul and loses puck.
15:29 of 3rd period - Minor Penalty to Jeff Carter for Interference.
15:30 of 3rd period - Bo Horvat wins face-off versus Elias Lindholm in ANAHEIM Ducks zone.
15:35 of 3rd period - Shot by Kirill Kaprizov.
15:35 of 3rd period - Shot Blocked by Ryan Lindgren.
15:51 of 3rd period - Shot by Kirill Kaprizov.
15:51 of 3rd period - Shot Blocked by Brett Pesce.
16:13 of 3rd period - Shot by Adrian Kempe.
16:13 of 3rd period - Stopped by Philipp Grubauer without a rebound.
16:14 of 3rd period - Elias Lindholm wins face-off versus Tomas Hertl in ANAHEIM Ducks zone.
16:31 of 3rd period - Shot by Joel Eriksson Ek.
16:31 of 3rd period - Stopped by Philipp Grubauer without a rebound.
16:32 of 3rd period - Elias Lindholm wins face-off versus Bo Horvat in ANAHEIM Ducks zone.
16:59 of 3rd period - Shot by Bo Horvat.
16:59 of 3rd period - Stopped by Philipp Grubauer without a rebound.
17:00 of 3rd period - Elias Lindholm wins face-off versus Tomas Hertl in ANAHEIM Ducks zone.
17:00 of 3rd period - Elias Lindholm is hit by Frank Vatrano.
17:37 of 3rd period - Shot by Phil Kessel.
17:37 of 3rd period - Stopped by Philipp Grubauer without a rebound.
17:38 of 3rd period - Jeff Carter wins face-off versus Adam Lowry in ANAHEIM Ducks zone.
17:38 of 3rd period - Jeff Carter is hit by Michael Pezzetta.
18:52 of 3rd period - Adrian Kempe is hit by Mark Giordano.
19:43 of 3rd period - Shot by Chandler Stephenson.
19:43 of 3rd period - Stopped by Casey DeSmith without a rebound.
19:44 of 3rd period - David Kampf wins face-off versus Nathan Walker in BOSTON Bruins zone.
Goals for this period are 1 for BOSTON Bruins vs 0 for ANAHEIM Ducks.
Shots for this period are 16 for BOSTON Bruins vs 6 for ANAHEIM Ducks. Output by the SimonT Hockey Simulator (STHS) for Martin Benoit - Original Page W3C HTML5 Valid
Hockey Simulator - Hockey Simulation - Hockey Manager